 Dungeon Crawl Stone Soup version 0.19-a0-1896-g611e798 (webtiles) character file.

118 Jorund the Chopper (level 4, -9/35 HPs)
             Began as a Demonspawn Fighter on Oct 19, 2016.
             Killed from afar by lepiPlod666's ghost (13 damage)
             ... with a flame tongue
             ... on level 3 of the Dungeon.
             The game lasted 00:04:05 (2187 turns).

Jorund the Chopper (Demonspawn Fighter)             Turns: 2187, Time: 00:04:06

Health: -9/35      AC:  6    Str: 16 (17) XL:     4   Next: 72%
Magic:  4/4        EV:  9    Int: 10 (11) God:
Gold:   69         SH:  0    Dex: 12 (13) Spells: 0 memorised, 3 levels left

rFire  . . .     SeeInvis .     a - +0 war axe
rCold  . . .     Gourm    +     b - +0 scale mail
rNeg   . . .     Faith    .     (no shield)
rPois  +         Spirit   .     (no helmet)
rElec  .         Reflect  .     (no cloak)
rCorr  .         Harm     .     (no gloves)
MR     .....                    (no boots)
Stlth  ..........               e - amulet of the gourmand
                                k - ring of poison resistance
                                d - +2 ring of intelligence

@: no status effects
A: demonic guardian 1, powered by pain 1
a: no special abilities


You were on level 3 of the Dungeon.
You were completely stuffed.

You visited 1 branch of the dungeon, and saw 3 of its levels.

You collected 69 gold pieces.

Inventory:

Hand Weapons
 a - a +0 war axe (weapon)
Missiles
 q - 6 javelins (quivered)
Armour
 b - a +0 scale mail (worn)
 c - a +0 shield
Jewellery
 d - a +2 ring of intelligence (left hand)
 e - an amulet of the gourmand (around neck)
 k - a ring of poison resistance (right hand)
Potions
 r - a potion of magic
Comestibles
 f - 2 bread rations
 g - a fruit
 l - a slice of pizza
 n - a beef jerky


   Skills:
 - Level 3.0 Fighting
 * Level 3.9 Axes
 + Level 3.4 Armour
 - Level 2.6 Shields


You had 3 spell levels left.
You didn't know any spells.

Dungeon Overview and Level Annotations

Branches:
Dungeon (3/15)

Altars:
Yredelemnul

Annotations:
D:3 lepiPlod666's ghost, amateur HOFE


Innate Abilities, Weirdness & Mutations

A weak demonic guardian rushes to your aid.
You sometimes gain a little power by taking damage.


Message History

* * * LOW HITPOINT WARNING * * *
LepiPlod666's ghost burns you.
* * * LOW HITPOINT WARNING * * *
Your ufetubus barely misses lepiPlod666's ghost.
Your ufetubus closely misses lepiPlod666's ghost.
Okay, then.
You hit lepiPlod666's ghost.
LepiPlod666's ghost is moderately damaged.
LepiPlod666's ghost hits you but does no damage.
Your ufetubus barely misses lepiPlod666's ghost.
Your ufetubus hits lepiPlod666's ghost but does no damage.
LepiPlod666's ghost completely misses you.
Your ufetubus hits lepiPlod666's ghost.
Your ufetubus barely misses lepiPlod666's ghost.
You hit lepiPlod666's ghost.
LepiPlod666's ghost is heavily damaged.
Your ufetubus disappears in a puff of smoke!
LepiPlod666's ghost gestures at you while chanting.
The flame tongue hits you!
You die...

#.....)....(#
##..[...<...# #.
#...)..÷)..# #..#
#........).#
#...###.#.##...#
######## #...<.#.####.#
#...>..# ####§...# ...
#....>.########W##.###
##..
#.............@........
..#
#......#######.##......
.. ####)### ..# #.####
#.## #.## .# #..# .. #
##.# #.# #.# ..
##.#####.###
#..........#


You could see lepiPlod666's ghost.

Vanquished Creatures
  An orc priest (D:3)
  Robin (D:2)
  An adder (D:2)
  A worm (D:3)
  5 orcs (D:3)
  4 ball pythons
  5 bats
  A giant cockroach (D:1)
  14 goblins
  12 hobgoblins
  4 kobolds
  5 frilled lizards
  6 rats
60 creatures vanquished.

Vanquished Creatures (collateral kills)
  A dart slug (D:3)
  A hobgoblin (D:3)
2 creatures vanquished.

Grand Total: 62 creatures vanquished

Notes
Turn   | Place    | Note
-------+----------+-------------------------------------------
     0 | D:1      | Jorund the Demonspawn Fighter began the quest for the Orb.
     0 | D:1      | Reached XP level 1. HP: 18/18 MP: 1/1
    95 | D:1      | Gained mutation: You sometimes gain a little power by taking damage. [demonic ancestry]
    95 | D:1      | Reached XP level 2. HP: 8/24 MP: 2/2
   841 | D:2      | Gained mutation: A weak demonic guardian rushes to your aid. [demonic ancestry]
   841 | D:2      | Reached XP level 3. HP: 22/29 MP: 3/3
   879 | D:2      | Found a basalt altar of Yredelemnul.
   880 | D:2      | Noticed Robin
   928 | D:2      | Killed Robin
  1537 | D:3      | Reached XP level 4. HP: 35/35 MP: 4/4
  1824 | D:3      | Noticed lepiPlod666's ghost (amateur HOFE)
  2187 | D:3      | Killed from afar by lepiPlod666's ghost

Vault maps used:
D:1:      dpeg_arrival_refuge
D:2:      yredelemnul_altar_generic, uniq_robin
D:3:      vehumet_crystals, xom_redecorated, lemuel_crystal_altar, uniq_iyjb

Skill      XL: |  1  2  3 |
---------------+----------+-----
Axes           | 2 3 |  3.9
Armour         | 3 |  3.4
Fighting       | |  3.0
Shields        | |  2.6

Action                   |  1- 3 |  4- 6 || total
-------------------------+-------+-------++-------
Melee: War axe           |   151 |    45 ||   196
  Use: Potion            |     2 |     6 ||     8
       Scroll            |     3 |       ||     3
  Eat: Chunk             |    10 |     3 ||    13
Armor: Scale mail        |    90 |    14 ||   104
       Skin              |       |     2 ||     2
Dodge: Dodged            |    90 |    22 ||   112
Block: Shield            |     3 |       ||     3
